 Dungeon Crawl Stone Soup version 0.28-a0-691-gad6df49e81 (webtiles) character file.

Game seed: 6891873275794499380

863 shoop the Cudgeller (level 8, 0/72 HPs)
             Began as an Ogre Arcane Marksman on Oct 21, 2021.
             Killed by an exploding scorpion (17 damage)
             ... ignited by their inner flame
             ... on level 4 of the Dungeon.
             The game lasted 00:13:58 (4708 turns).

shoop the Cudgeller (Ogre Arcane Marksman)          Turns: 4708, Time: 00:13:59

Health: 0/72       AC:  5    Str: 16    XL:     8   Next: 3%
Magic:  11/11      EV: 10    Int: 15    God:
Gold:   134        SH:  0    Dex:  9    Spells: 4/11 levels left

rFire   + . .      SeeInvis .   a - +1 whip (elec)
rCold   . . .      Faith    .   (no shield)
rNeg    . . .      Spirit   .   E - +1 robe {Will+}
rPois   .          Reflect  .   (helmet restricted)
rElec   .          Harm     .   F - +0 cloak
rCorr   +          Rampage  .   (gloves unavailable)
Will    +....                   (boots unavailable)
Stlth   +.........              t - amulet of magic regeneration
HPRegen 0.22/turn               e - ring of resist corrosion
MPRegen 0.37/turn               r - ring of protection from fire

@: lethally poisoned (0 -> -1)
A: large, unfitting armour, tough skin 1
a: no special abilities


You were on level 4 of the Dungeon.
You visited 1 branch of the dungeon, and saw 4 of its levels.
You also visited: Sewer.

You collected 134 gold pieces.

Inventory:

Hand Weapons
 a - a +1 whip of electrocution (weapon)
 b - a +0 halberd
 h - a +0 dagger
 n - a +0 short sword
 s - a +0 great sword
Missiles
 c - a throwing net (quivered)
 d - 4 javelins
 o - 4 large rocks
Armour
 i - a +0 kite shield
 v - a +0 robe
 E - a +1 robe of willpower (worn)
 F - a +0 cloak (worn)
Jewellery
 e - a ring of resist corrosion (left hand)
 r - a ring of protection from fire (right hand)
 t - an amulet of magic regeneration (around neck)
Wands
 w - a wand of iceblast (6)
Scrolls
 g - 2 scrolls of holy word {unknown}
 k - 3 scrolls of teleportation {unknown}
 l - 3 scrolls of identify {unknown}
 q - 2 scrolls of enchant armour {unknown}
 u - a scroll of vulnerability {unknown}
 x - a scroll of fear {unknown}
 y - a scroll of enchant weapon {unknown}
 A - 2 scrolls of blinking {unknown}
 B - a scroll of summoning {unknown}
 D - a scroll of brand weapon {unknown}
Potions
 f - a potion of curing {unknown}
 j - a potion of attraction {unknown}
 m - a potion of heal wounds {unknown}
 p - 2 potions of resistance {unknown}
 z - a potion of experience {unknown}
 C - a potion of haste {unknown}


   Skills:
 - Level 2.0 Fighting
 - Level 4.0 Maces & Flails
 - Level 3.0 Polearms
 - Level 3.0 Throwing
 - Level 2.0 Dodging
 - Level 1.0 Stealth
 - Level 2.0 Spellcasting
 + Level 4.0 Hexes
 - Level 2.0 Fire Magic
 - Level 3.0 Evocations


You had 4 spell levels left.
You knew the following spells:

 Your Spells              Type           Power      Damage    Failure   Level
a - Inner Flame           Hex/Fire       10%        N/A       19%         3
f - Cause Fear            Hex            6%         N/A       38%         4

Your spell library contained the following spells:

 Spells                   Type           Power      Damage    Failure   Level
 Slow                     Hex            13%        N/A       6%          2
 Ensorcelled Hibernation  Hex/Ice        14%        N/A       14%         2
 Portal Projectile        Hex/Tloc       14%        N/A       28%         3
 Spider Form              Tmut/Pois      0%         N/A       54%         3


Dungeon Overview and Level Annotations

Branches:
Dungeon (4/15)              Sewer (visited)
 Temple: D:4-7

Altars:
Dithmenos


Innate Abilities, Weirdness & Mutations

You are too large for most types of armour.
You have tough skin. (AC +1)


Message History

The scorpion is moderately wounded.
You feel sick.
The scorpion is engulfed in blazing flames.
Flame seeps out of the scorpion.
The scorpion stings you but does no damage.
You feel sick.
The scorpion is engulfed in blazing flames.
Flame seeps out of the scorpion.
There is an open door here.
You feel sick.
You see here a quokka corpse.
You feel sick. The scorpion stings you.
You are more poisoned.
The scorpion poisons you!
You closely miss the scorpion.
The scorpion is almost dead.
You feel sick. The scorpion stings you!
You are more poisoned.
The scorpion poisons you!
You feel very sick.
There is a stone staircase leading up here.
You feel very sick.
You feel very sick.
You feel sick. The scorpion closely misses you.
You feel sick.
You feel sick.
You feel sick.
You feel sick.
You feel sick. The scorpion stings you.
* * * LOW HITPOINT WARNING * * *
You hit the scorpion but do no damage.
The scorpion is almost dead.
You feel sick.
The scorpion stings you but does no damage.
You hit the scorpion.
Flame seeps out of the scorpion.
The scorpion is almost dead.
The scorpion is engulfed in blazing flames.
The scorpion explodes!
The fiery explosion engulfs you! You resist.
You die...

..#.....'....#..<.#
..#.....#....#....#
..+.....#....#....#
..#.....#....#....#
.####...#....##..##
'####...##....#..#
.........#....#§§+
.........#....#.○#
.........#....#§@#
.........#....#..#
#####....'....#..#
....######....#...
..............#+##
..........#####
..........'...#
..........#...#
..........#+###


There were no monsters in sight!

Vanquished Creatures
  Pikel (D:3)
  Eustachio (D:4)
  A scorpion (D:4)
  A hound skeleton (D:3)
  7 gnolls
  5 adders
  6 river rats
  3 worms
  4 orcs
  10 ball pythons
  8 endoplasms
  2 giant cockroaches (D:3)
  3 goblins
  2 hobgoblins (D:3)
  3 jackals (D:1)
  7 kobolds
  4 quokkas
  A bat (D:1)
  8 frilled lizards
  13 rats
90 creatures vanquished.

Notes
Turn   | Place    | Note
-------+----------+-------------------------------------------
     0 | D:1      | shoop the Ogre Arcane Marksman began the quest for the Orb.
     0 | D:1      | Reached XP level 1. HP: 19/19 MP: 2/2
   374 | D:1      | Reached XP level 2. HP: 28/28 MP: 3/3
  1039 | D:2      | Reached skill level 1 in Stealth
  1039 | D:2      | Reached XP level 3. HP: 35/35 MP: 4/4
  1116 | D:2      | Reached skill level 1 in Polearms
  1238 | D:2      | Reached XP level 4. HP: 19/42 MP: 5/5
  1244 | D:2      | Learned a level 3 spell: Inner Flame
  1474 | D:2      | Found a faded altar of an unknown god.
  2182 | D:3      | Reached XP level 5. HP: 49/49 MP: 2/7
  2401 | D:3      | Found a glowing drain.
  2405 | Sewer    | Entered a sewer
  2609 | Sewer    | Reached skill level 1 in Fire Magic
  2937 | Sewer    | Reached skill level 1 in Evocations
  3386 | D:3      | Reached XP level 6. HP: 57/57 MP: 9/9
  3483 | D:3      | Found a shadowy altar of Dithmenos.
  4132 | D:4      | Noticed Pikel
  4168 | D:3      | Killed Pikel
  4169 | D:3      | Reached XP level 7. HP: 14/65 MP: 10/10
  4186 | D:3      | Learned a level 4 spell: Cause Fear
  4652 | D:4      | Noticed Eustachio
  4660 | D:4      | Killed Eustachio
  4661 | D:4      | Reached XP level 8. HP: 58/72 MP: 9/11
  4708 | D:4      | Killed by an exploding scorpion... ignited by their inner
                  | flame

Illustrated notes

Levels and vault maps discovered:
D:1:      wheals_arrival_shading, layout_rooms, minivault_23,
          minmay_tetromino_t2
D:2:      layout_basic, ebering_ecumenical_altar_box
D:3:      layout_loops_ring, nicolae_dithmenos_through_a_glass_darkly,
          gup_sewer_entry_bowl, minmay_hedge_maze
D:4:      layout_gridville, minmay_curled_crystal, uniq_eustachio, uniq_pikel

Skill      XL: |  1  2  3  4  5  6  7 |
---------------+----------------------+-----
Fighting       | 2 |  2.0
Stealth        | 1 |  1.0
Throwing       | 3 |  3.0
Polearms       | 2 3 |  3.0
Spellcasting   | 2 |  2.0
Hexes          | 3 4 |  4.0
Fire Magic     | 1 2 |  2.0
Evocations     | 1 3 |  3.0
Maces & Flails | 3 4 |  4.0
Dodging        | 2 |  2.0

Action                   |  1- 3 |  4- 6 |  7- 9 || total
-------------------------+-------+-------+-------++-------
Melee: Unarmed           |    38 |       |       ||    38
       Dagger            |    36 |       |       ||    36
       Halberd           |    22 |    59 |       ||    81
       Whip              |       |   145 |    25 ||   170
Throw: Boomerang         |     8 |       |       ||     8
       Large rock        |     4 |     1 |       ||     5
       Throwing net      |       |     1 |       ||     1
 Cast: Inner Flame       |       |     1 |     2 ||     3
Evoke: Wand              |       |     3 |       ||     3
 Stab: Sleeping          |       |     5 |       ||     5
Armor: Robe              |    35 |    56 |     5 ||    96
Dodge: Dodged            |    50 |    59 |     8 ||   117

Table legend: (Time is in decaauts)
 A = Elapsed time spent in this place.
 B = Non-inter-level travel time spent in this place.
 C = Inter-level travel time spent in this place.
 D = Time resting spent in this place.
 E = Time spent auto-exploring this place.
 F = Levels seen in this place.
 G = Mean time per level.
                   A        B        C        D        E       F      G
               +--------+--------+--------+--------+--------+-----+--------+
         Total |   4802 |   4625 |    177 |    427 |   3104 |   5 |  960.4 |
       Dungeon |   3790 |   3613 |    177 |    327 |   2451 |   4 |  947.5 |
         Sewer |   1012 |   1012 |      0 |    100 |    653 |   1 | 1012.0 |
               +--------+--------+--------+--------+--------+-----+--------+

Top non-repeatable levels by time:
     D:3: 1504 daAuts
     D:1: 1049 daAuts
   Sewer: 1012 daAuts
     D:2: 885 daAuts
     D:4: 350 daAuts
